 Dungeon Crawl Stone Soup version 0.22-a0-247-gbddf880 (webtiles) character file.

4467 Ghella the Blocker (level 10, -9/76 HPs)
             Began as a Formicid Fighter on Feb 27, 2018.
             Mangled by a killer bee (10 damage)
             ... on level 9 of the Dungeon.
             The game lasted 00:18:19 (9920 turns).

Ghella the Blocker (Formicid Fighter)               Turns: 9920, Time: 00:18:20

Health: -9/76      AC: 15    Str: 24    XL:     10   Next: 64%
Magic:  10/10      EV:  9    Int:  8    God:
Gold:   415        SH: 16    Dex: 10    Spells: 9/9 levels left

rFire    . . .     SeeInvis +   a - +1 war axe
rCold    . . .     Gourm    .   c - +0 shield
rNeg     + . .     Faith    .   i - +1 chain mail {rPois}
rPois    +         Spirit   .   (helmet unavailable)
rElec    .         Reflect  +   (no cloak)
rCorr    .         Harm     .   h - +2 pair of gloves
MR       +....                  o - +0 pair of boots
Stlth    ..........             d - +4 amulet of reflection
HPRegen  0.22/turn              p - ring of positive energy
MPRegen  0.12/turn              g - ring of poison resistance

@: no status effects
A: permanent stasis, dig shafts and tunnels, four strong arms, antennae 3
a: Dig, Shaft Self


You were on level 9 of the Dungeon.
You were not hungry.

You visited 1 branch of the dungeon, and saw 10 of its levels.
You also visited: Sewer.

You collected 415 gold pieces.

Inventory:

Hand Weapons
 a - a +1 war axe (weapon)
Armour
 c - a +0 shield (worn)
 h - a +2 pair of gloves (worn)
 i - a +1 chain mail of poison resistance (worn)
 o - a +0 pair of boots (worn)
 t - a +0 plate armour
Jewellery
 d - a +4 amulet of reflection (around neck)
 g - a ring of poison resistance (right hand)
 p - a ring of positive energy (left hand)
 s - a +4 ring of strength {unknown}
Wands
 e - a wand of digging (10)
 r - a wand of disintegration (14)
Scrolls
 k - 5 scrolls of remove curse
 q - a scroll of enchant weapon
Potions
 b - 3 potions of curing
 j - 2 potions of haste {unknown}
 l - a potion of flight
 m - a potion of brilliance {unknown}
 n - a potion of degeneration {unknown}
Comestibles
 f - 6 rations
 u - a chunk of flesh


   Skills:
 + Level 6.0 Fighting
 + Level 9.5 Axes
 + Level 6.2 Armour
 + Level 1.6 Dodging
 + Level 0.1 Stealth
 * Level 11.3 Shields
 + Level 0.5 Evocations


You had 9 spell levels left.
You didn't know any spells.

Dungeon Overview and Level Annotations

Branches:
Dungeon (10/15)            Temple (0/1) D:6
   Lair: D:8-11         Orc: D:9-12

Altars:
Gozag
Makhleb
Sif Muna
Uskayaw
Wu Jian
Xom
Yredelemnul
The Shining One

Shops:
D:8 (

Annotations:
D:7 nikopol's ghost, novice DEFE
D:10 nikopol's ghost, novice DEFE


Innate Abilities, Weirdness & Mutations

You cannot be hasted, slowed, berserked, paralysed or teleported.
You can dig through walls and to a lower floor.
Your four strong arms can wield two-handed weapons with a shield.
You have a pair of large antennae on your head. (SInv)


Message History

There is a stone staircase leading up, spattered with blood here.
You feel better. You block the killer bee's attack. The killer bee stings you!
* * * LOW HITPOINT WARNING * * *
You block the killer bee's attack. The killer bee stings you.
* * * LOW HITPOINT WARNING * * *
The killer bee stings you!
* * * LOW HITPOINT WARNING * * *
You block the killer bee's attack. The killer bee closely misses you.
The killer bee barely misses you. The killer bee stings you.
* * * LOW HITPOINT WARNING * * *
The killer bee stings you but does no damage.
The killer bee closely misses you. The killer bee stings you.
* * * LOW HITPOINT WARNING * * *
The killer bee stings you but does no damage.
Okay, then.
Okay, then.
You block the killer bee's attack. x2; The killer bee closely misses you.
The killer bee stings you but does no damage.
The killer bee stings you!
You die...

#....##{.......#.......#
#.....##.y.....#.......#
#......###.....#..######
#....####)y#####..#
#.........).......#
......†...........#
................y.#
....####......yyyy#
....# #######.y@.# ....#
#.yy.# ....# #....#
....# #.#### ....# #.#
....##########.#
...............#
...............#
################


You could see a queen bee and 8 killer bees.

Vanquished Creatures
  A two-headed ogre (D:8)
  A hippogriff (D:8)
  Sigmund (D:6)
  The ghost of Phong the Insei, an amateur MfTm (D:4)
  Menkaure (D:6)
  A sky beast (D:5)
  3 ice beasts
  3 orc warriors
  A centaur (D:8)
  4 ogres
  4 phantoms
  A big kobold (Sewer)
  3 bullfrogs
  A water moccasin skeleton (D:6)
  A scorpion (D:6)
  3 killer bees (D:9)
  4 wights (D:6)
  5 crimson imps
  A howler monkey (D:4)
  A centaur zombie (D:8)
  3 hounds
  A gnoll shaman (D:9)
  3 jellies
  An orc priest (D:5)
  A centaur skeleton (D:6)
  3 iguanas
  2 worker ants
  8 orc wizards
  A hound skeleton (D:5)
  A worker ant zombie (D:6)
  8 gnolls
  2 river rats (Sewer)
  9 adders
  A shadow imp (D:9)
  An adder zombie (D:8)
  An adder skeleton (D:8)
  A worm (D:4)
  2 dart slugs
  11 leopard geckos
  23 orcs
  10 giant cockroaches
  7 goblins
  9 hobgoblins
  14 jackals
  10 kobolds
  3 quokkas
  3 ball pythons
  7 bats
  7 frilled lizards
  A leopard gecko zombie (D:6)
  A quokka skeleton (D:5)
  12 rats
208 creatures vanquished.

Notes
Turn   | Place    | Note
-------+----------+-------------------------------------------
     0 | D:1      | Ghella the Formicid Fighter began the quest for the Orb.
     0 | D:1      | Reached XP level 1. HP: 18/18 MP: 1/1
    76 | D:1      | Reached skill level 4 in Shields
    76 | D:1      | Reached XP level 2. HP: 24/24 MP: 2/2
   575 | D:1      | Reached XP level 3. HP: 28/29 MP: 3/3
   753 | D:2      | Found a hide-covered altar of Uskayaw.
  1294 | D:2      | Reached skill level 5 in Shields
  1294 | D:2      | Reached XP level 4. HP: 35/35 MP: 4/4
  2079 | D:3      | Found a basalt altar of Yredelemnul.
  2228 | D:3      | Reached XP level 5. HP: 34/41 MP: 5/5
  2361 | D:3      | Found a glowing golden altar of the Shining One.
  2361 | D:3      | Found a burning altar of Makhleb.
  2491 | D:3      | Found a glowing drain.
  2512 | Sewer    | Entered a sewer
  2912 | Sewer    | Noticed a big kobold
  2967 | Sewer    | Killed a big kobold
  2967 | Sewer    | Reached XP level 6. HP: 38/48 MP: 6/6
  3028 | Sewer    | Found a white marble altar of Elyvilon.
  3325 | D:3      | Found an opulent altar of Gozag.
  3654 | D:4      | Reached skill level 6 in Shields
  3667 | D:4      | Noticed an ogre
  3672 | D:4      | Killed an ogre
  3728 | D:4      | Reached XP level 7. HP: 47/55 MP: 7/7
  4177 | D:4      | Reached skill level 7 in Shields
  4460 | D:4      | Reached XP level 8. HP: 54/61 MP: 8/8
  4464 | D:4      | Noticed Phong's ghost (amateur MfTm)
  4477 | D:4      | Killed Phong's ghost
  4477 | D:4      | Reached skill level 5 in Axes
  5123 | D:5      | Entered Level 5 of the Dungeon
  5184 | D:5      | Reached skill level 5 in Armour
  5714 | D:5      | Reached skill level 1 in Dodging
  5714 | D:5      | Reached skill level 8 in Shields
  6271 | D:6      | Noticed Sigmund
  6333 | D:6      | Noticed Menkaure
  6340 | D:6      | Killed Menkaure
  6340 | D:6      | Reached skill level 5 in Fighting
  6517 | D:6      | Reached XP level 9. HP: 68/68 MP: 9/9
  6713 | D:6      | Reached skill level 9 in Shields
  6744 | D:6      | Found a staircase to the Ecumenical Temple.
  6774 | D:6      | Killed Sigmund
  6979 | D:6      | Found a deep blue altar of Sif Muna.
  7170 | D:7      | Noticed nikopol's ghost (novice DEFE)
  7221 | D:7      | You are sucked into a shaft for 2 floors!
  7221 | D:9      | Found an ornate altar of the Wu Jian Council.
  7713 | D:10     | Entered Level 10 of the Dungeon
  7715 | D:10     | Noticed nikopol's ghost (novice DEFE)
  8150 | D:8      | Found a shimmering altar of Xom.
  8258 | D:8      | Reached XP level 10. HP: 75/75 MP: 10/10
  8260 | D:8      | Noticed a two-headed ogre
  8790 | D:8      | Reached skill level 10 in Shields
  9044 | D:8      | Found Delut's Weapon Emporium.
  9163 | D:8      | Killed a two-headed ogre
  9163 | D:8      | Reached skill level 11 in Shields
  9594 | D:8      | Found a deep blue altar of Sif Muna.
  9919 | D:9      | HP: 1/76 [killer bee (6)]
  9920 | D:9      | Mangled by a killer bee

Vault maps used:
D:1:      moated_graveyard_arrival, serial_bayou_lake_a
D:2:      eat_drink_and_be_merry_uskayaw, serial_co_window_serial,
          co_window_corner_a, co_window_paths_a, co_window_cross_1,
          co_window_paths_a, co_window_paths_a, co_window_unsneaky_path_a,
          co_window_corner_cb, co_window_cross_2, glass_columns_b,
          glass_columns_b, glass_columns_c, glass_columns_b, glass_columns_a,
          minmay_crystal_water
D:3:      lemuel_doored_altar, gammafunk_temple_overflow_statue,
          gup_sewer_entry_pipe, first_ration, yredelemnul_altar_generic
D:4:      kennysheep_nondescript, minivault_4
D:6:      lemuel_coloured_pillars_altar, minmay_temple_entry_statues_fountains,
          uniq_sigmund, uniq_menkaure
D:8:      kennysheep_orc_sif_temple, enter_bailey_2, serial_shops, shop,
          basic_altar
D:9:      nicolae_overflow_hidden_temple, david_nohive_1, nrook_mini_backslash
D:10:     basic_altar
Sewer:    sewer_kobolds

Skill      XL: |  1  2  3  4  5  6  7  8  9 10 |
---------------+-------------------------------+-----
Shields        | 4 5 6 7 8 9 11 | 11.3
Axes           | 3 4 6 8 9 |  9.5
Fighting       | 4 5 6 |  6.0
Armour         | 4 5 6 |  6.2
Dodging        | 1 |  1.6
Stealth        | |  0.1
Evocations     | |  0.5

Action                   |  1- 3 |  4- 6 |  7- 9 | 10-12 || total
-------------------------+-------+-------+-------+-------++-------
Melee: War axe           |   116 |   252 |   343 |   171 ||   882
 Abil: Dig               |       |       |     4 |       ||     4
       Shaft Self        |       |       |     1 |       ||     1
Evoke: Wand              |       |       |       |     6 ||     6
  Use: Scroll            |     2 |     4 |     4 |     2 ||    12
       Potion            |       |     3 |     9 |     2 ||    14
  Eat: Chunk             |       |    10 |     8 |     3 ||    21
       Ration            |       |       |     2 |     1 ||     3
Armor: Scale mail        |     6 |       |       |       ||     6
       Chain mail        |    59 |   126 |   158 |    90 ||   433
Dodge: Dodged            |    28 |    91 |    97 |    57 ||   273
Block: Shield            |    67 |   158 |   186 |   169 ||   580
       Reflection        |       |       |       |     5 ||     5

Table legend:
 A = Spawn XP
 B = Non-spawn XP
 C = Spawn XP percentage of total XP
 D = Spawn monster count
 E = Non-spawn monster count
 F = Spawn count percentage of total count
 G = Total turns spent on level
                    A         B        C        D         E        F      G
               +---------+---------+-------+---------+---------+-------+---------
         Total |       0 |    6382 |   0.0 |       0 |     208 |   0.0 |  9920
               +---------+---------+-------+---------+---------+-------+---------
           D:1 |       0 |      39 |   0.0 |       0 |      21 |   0.0 |   730
           D:2 |       0 |      62 |   0.0 |       0 |      24 |   0.0 |  1349
           D:3 |       0 |     116 |   0.0 |       0 |      27 |   0.0 |   731
           D:4 |       0 |     838 |   0.0 |       0 |      24 |   0.0 |  1676
           D:5 |       0 |     601 |   0.0 |       0 |      17 |   0.0 |  1208
           D:6 |       0 |    1301 |   0.0 |       0 |      18 |   0.0 |   708
           D:7 |       0 |     552 |   0.0 |       0 |      17 |   0.0 |   741
           D:8 |       0 |    2155 |   0.0 |       0 |      30 |   0.0 |  1110
           D:9 |       0 |     583 |   0.0 |       0 |      19 |   0.0 |  1024
         Sewer |       0 |     135 |   0.0 |       0 |      11 |   0.0 |   637
               +---------+---------+-------+---------+---------+-------+---------
